 Dungeon Crawl Stone Soup version 0.30.0-10-gfe55d96785 (webtiles) character file.

Game seed: 13211139715159892180

1 CaptainMV the Ducker (level 1, 0/13 HPs)
             Began as a Gnoll Wanderer on May 16, 2023.
             Slain by a jackal (3 damage)
             ... on level 1 of the Dungeon.
             The game lasted 00:01:54 (187 turns).

CaptainMV the Ducker (Gnoll Wanderer)                Turns: 187, Time: 00:01:54

Health: 0/13       AC:  3    Str: 13    XL:     1   Next: 20%
Magic:  1/1        EV: 13    Int:  9    God:
Gold:   13         SH:  0    Dex: 11    Spells: 0/0 levels left

rFire   . . .        a - +0 short sword
rCold   . . .        (no shield)
rNeg    . . .        f - +0 leather armour
rPois   .            (no helmet)
rElec   .            (no cloak)
rCorr   .            (no gloves)
SInv    +            (no boots)
Will    .....        (no amulet)
Stlth   ++           g - ring of see invisible
HPRegen 0.22/turn    (no ring)
MPRegen 0.07/turn

%: no passive effects
@: no status effects
A: fangs 1, strong nose, distributed training
a: no special abilities


You were on level 1 of the Dungeon.
You visited 1 branch of the dungeon, and saw 1 of its levels.

You collected 13 gold pieces.

Inventory:

Hand Weapons
 a - a +0 short sword (weapon)
 h - a +0 club
Missiles
 b - 2 throwing nets (quivered)
Armour
 f - a +0 leather armour (worn)
Jewellery
 g - a ring of see invisible (left hand)
Scrolls
 c - a scroll of fog
 e - a scroll of summoning
Potions
 d - a potion of curing


   Skills:
 + Level 0.0 Fighting
 + Level 0.0 Short Blades
 + Level 0.0 Long Blades
 + Level 0.0 Axes
 + Level 0.0 Maces & Flails
 + Level 0.0 Polearms
 + Level 0.0 Staves
 + Level 0.0 Ranged Weapons
 + Level 0.0 Throwing
 + Level 6.4 Armour
 + Level 6.4 Dodging
 + Level 4.0 Stealth
 + Level 0.0 Shields
 + Level 4.4 Unarmed Combat
 + Level 0.0 Spellcasting
 + Level 0.0 Conjurations
 + Level 0.0 Hexes
 + Level 0.0 Summonings
 + Level 0.0 Necromancy
 + Level 0.0 Translocations
 + Level 0.0 Transmutations
 + Level 0.0 Fire Magic
 + Level 0.0 Ice Magic
 + Level 0.0 Air Magic
 + Level 0.0 Earth Magic
 + Level 0.0 Poison Magic
 + Level 0.0 Invocations
 + Level 0.0 Evocations


You couldn't memorise any spells.
You didn't know any spells.
Your spell library was empty.

Dungeon Overview and Level Annotations

Branches:
Dungeon (1/15)

Altars:


Innate Abilities, Weirdness & Mutations

You have very sharp teeth.
Your uncanny sense of smell can sniff out nearby items.
Your experience applies equally to all skills.


Message History

The jackal completely misses you. The jackal closely misses you.
The jackal bites you but does no damage.
You barely miss the jackal. The jackal misses you.
The jackal completely misses you. The jackal bites you.
* * * LOW HITPOINT WARNING * * *
You hit the jackal.
The jackal is almost dead.
The jackal barely misses you.
The jackal bites you but does no damage.
The jackal closely misses you. The jackal barely misses you.
The jackal closely misses you. x2
You hit the jackal but do no damage.
The jackal is almost dead.
The jackal misses you. The jackal completely misses you.
The jackal closely misses you.
You barely miss the jackal.
The jackal is almost dead.
The jackal closely misses you.
The jackal bites you but does no damage.
The jackal closely misses you.
You closely miss the jackal.
The jackal is almost dead.
The jackal closely misses you. The jackal barely misses you.
The jackal bites you.
* * * LOW HITPOINT WARNING * * *
The jackal barely misses you. The jackal misses you. x2
You barely miss the jackal. Your bite misses the jackal.
The jackal is almost dead.
The jackal barely misses you. The jackal completely misses you.
The jackal bites you but does no damage.
You hit the jackal but do no damage.
The jackal is almost dead.
The jackal barely misses you.
The jackal bites you but does no damage.
The jackal closely misses you. x2; The jackal barely misses you.
The jackal bites you but does no damage.
You miss the jackal. Your bite misses the jackal.
The jackal is almost dead.
The jackal bites you.
You die...

#...##'## #...#...#
##### #...#...# #...#
#≈≈≈#≈≈≈# #...#
#≈≈≈#≈≈≈######...# #
#≈≈≈#≈≈≈#........#.#
#≈≈≈#≈≈≈#.####.###.#+###
#≈≈≈#≈≈≈#.#..#..†h......
#≈≈≈≈≈≈.#.#..#..@hg....#
≈≈≈≈....#.#..#...h)....#
≈......##.#..#.........#
.....# #.#..#.........#
.########....#.........#
##...........#.........#
#.#.#########.#######.#
##.#... .. .. ...#####


You could see 3 jackals and a hobgoblin.

Vanquished Creatures
  A jackal (D:1)
1 creature vanquished.

Notes
Turn   | Place    | Note
-------+----------+-------------------------------------------
     0 | D:1      | CaptainMV the Gnoll Wanderer began the quest for the Orb.
     0 | D:1      | CaptainMV set off with the following items: a +0 club, 2
                  | throwing nets, a scroll of fog, a potion of curing, a
                  | scroll of summoning, a +0 leather armour.
     0 | D:1      | Reached XP level 1. HP: 13/13 MP: 1/1
   187 | D:1      | Slain by a jackal

Illustrated notes

Levels and vault maps discovered:
D:1:      dpeg_arrival_water_fire, layout_basic, ebering_ecumenical_altar_webs,
          minmay_pentomino_x2

Action                     || total
---------------------------++-------
  Melee: Short sword       ||    17
         Punch             ||     1
         Bite              ||     1
 Armour: Leather armour    ||     8
  Dodge: Dodged            ||    44
